 Dungeon Crawl Stone Soup version 0.17-a0-1450-g7e755d1 (webtiles) character file.

263 Sirial the Bolt Thrower (level 5, -12/34 HPs)
             Began as a High Elf Hunter on June 30, 2015.
             Was an Initiate of Ru.
             Mangled by an ogre
             ... wielding a +0 giant spiked club
              (28 damage)
             ... on level 4 of the Dungeon.
             The game lasted 00:13:16 (2918 turns).

Sirial the Bolt Thrower (High Elf Hunter)           Turns: 2918, Time: 00:13:16

Health: -12/34     AC:  3    Str: 11    XL:     5   Next: 97%
Magic:  6/6        EV: 16    Int: 14    God:    Ru [......]
Gold:   56         SH:  0    Dex: 17    Spells: 0 memorised, 4 levels left

rFire  . . .     SeeInvis .     a - +1 hand crossbow
rCold  . . .     Clarity  .     d - +0 leather armour
rNeg   . . .     SustAt   .     (no shield)
rPois  .         Gourm    .     (no helmet)
rElec  .         Spirit   .     (no cloak)
rCorr  .         Warding  .     (no gloves)
rMut   .         Stasis   .     (no boots)
MR     .....                    (no amulet)
Stlth  ++........               (no ring)
                                i - +3 ring of evasion

@: not resistant to hostile enchantments, unstealthy
A: no striking features
a: Renounce Religion


You were on level 4 of the Dungeon.
You worshipped Ru.
Ru was noncommittal.
You were not hungry.

You visited 2 branches of the dungeon, and saw 5 of its levels.

You collected 225 gold pieces.
You spent 169 gold pieces at shops.

Inventory:

Hand weapons
 a - a +1 hand crossbow (weapon)
 c - a +0 short sword
 g - a +0 vampiric whip
Missiles
 b - 65 bolts
 e - 28 poisoned needles
 f - 33 arrows
 n - a steel bolt (quivered)
 q - 2 tomahawks
Armour
 d - a +0 leather armour (worn)
Jewellery
 i - a +3 ring of evasion (left hand)
 r - a +3 ring of evasion
Magical devices
 p - a wand of cold (8)
Scrolls
 h - 2 scrolls of identify
 k - 2 scrolls of blinking {unknown}
 l - a scroll of recharging {unknown}
Potions
 m - 2 potions of agility {unknown}
 o - 2 potions of flight {unknown}
 s - a potion of curing
 t - a potion of heal wounds
Comestibles
 j - a meat ration


   Skills:
 + Level 2.2 Fighting
 + Level 0.5 Short Blades
 + Level 6.2 Crossbows
 + Level 1.6 Armour
 + Level 3.4 Dodging
 + Level 1.2 Stealth


You had 4 spell levels left.
You didn't know any spells.

Dungeon Overview and Level Annotations

Branches:
Dungeon (4/15)             Temple (1/1) D:4

Altars:
Ashenzari
Elyvilon
Gozag
Okawaru
Ru
Sif Muna
Trog
Xom
Yredelemnul
Zin

Shops:
D:4 !


Message History

Aim: an ogre, wielding a giant spiked club (moderately wounded)
You shoot a steel bolt. The steel bolt barely misses the ogre.
The ogre hits you with a giant spiked club!
* * * LOW HITPOINT WARNING * * *
Drink which item? (? for menu, Esc to quit)
You feel much better.
Firing (i - inventory. (,) - cycle):
n - 3 steel bolts (quivered)
Press: ? - help, Shift-Dir - straight line, f/p - ogre
Aim: an ogre, wielding a giant spiked club (moderately wounded)
You shoot a steel bolt. The steel bolt hits the ogre.
The ogre is moderately wounded.
The ogre hits you with a giant spiked club!
Firing (i - inventory. (,) - cycle):
n - 2 steel bolts (quivered)
Press: ? - help, Shift-Dir - straight line, f/p - ogre
Aim: an ogre, wielding a giant spiked club (moderately wounded)
You shoot a steel bolt. The steel bolt hits the ogre.
The ogre is heavily wounded.
The ogre hits you with a giant spiked club!!
Ouch! That really hurt!
You die...

# #.#.# #
#.#.# #
#.#.# #
#.#.# #
#.#.# #
#.# # #.#
# #.# #
#@# ...
.....(O.#
###
#########


You could see an ogre.

Vanquished Creatures
  The ghost of Sirial the Skirmisher, a weakling DsAK of Lugonu (D:3)
  A worker ant (D:4)
  10 adders
  3 oozes
  2 worms
  5 giant geckos
  An orc (D:3)
  2 ball pythons
  10 goblins
  9 hobgoblins
  16 jackals
  10 kobolds
  7 bats
  2 giant cockroaches
  4 giant newts
  7 rats
90 creatures vanquished.

Notes
Turn   | Place    | Note
--------------------------------------------------------------
     0 | D:1      | Sirial the High Elf Hunter began the quest for the Orb.
     0 | D:1      | Reached XP level 1. HP: 14/14 MP: 2/2
   100 | D:1      | Reached XP level 2. HP: 12/19 MP: 3/3
   790 | D:1      | Reached XP level 3. HP: 24/24 MP: 4/4
  1251 | D:2      | Reached skill level 5 in Crossbows
  1251 | D:2      | Reached XP level 4. HP: 21/29 MP: 5/5
  1456 | D:2      | Reached skill level 1 in Armour
  1785 | D:3      | Reached XP level 5. HP: 34/34 MP: 6/6
  1891 | D:3      | Noticed Sirial's ghost (weakling DsAK)
  1898 | D:3      | Killed Sirial's ghost
  1995 | D:3      | Reached skill level 6 in Crossbows
  2513 | D:4      | Found a staircase to the Ecumenical Temple.
  2576 | Temple   | Entered the Ecumenical Temple
  2759 | Temple   | Became a worshipper of Ru the Awakened
  2803 | D:4      | Noticed an ogre
  2837 | D:4      | Found Nycipav's Distillery.
  2845 | D:4      | Bought a potion of curing for 39 gold pieces
  2845 | D:4      | Bought a potion of heal wounds for 65 gold pieces
  2845 | D:4      | Bought a potion of heal wounds for 65 gold pieces
  2918 | D:4      | Mangled by an ogre

Vault maps used:
D:1:      dpeg_arrival_arbitrary_a
D:4:      minmay_temple_entry_junction, serial_shops, nicolae_shop_trees,
          first_bread, minivault_27
Temple:   roderic_octagonal_lattice_temple

Action                   |  1- 3 |  4- 6 || total
-------------------------+-------+-------++-------
Melee: Short sword       |    34 |       ||    34
 Fire: Hand crossbow     |    75 |   135 ||   210
  Use: Scroll            |     3 |     4 ||     7
       Potion            |       |     2 ||     2
  Eat: Bread ration      |     1 |       ||     1
       Pizza             |       |     1 ||     1
